 Dungeon Crawl Stone Soup version 0.29-a0-495-g17b79114eb (webtiles) character file.

Game seed: 7890735022108825404

95 Hubjo the Firebug (level 4, 0/26 HPs)
             Began as a Deep Elf Fire Elementalist on May 27, 2022.
             Slain by an orc wizard
             ... wielding a +0 dagger
              (3 damage)
             ... on level 2 of the Dungeon.
             The game lasted 00:01:45 (1677 turns).

Hubjo the Firebug (Deep Elf Fire Elementalist)      Turns: 1677, Time: 00:01:46

Health: 0/26       AC:  2    Str:  5    XL:     4   Next: 40%
Magic:  4/11       EV: 12    Int: 22    God:
Gold:   134        SH:  0    Dex: 15    Spells: 9/10 levels left

rFire   . . .      SeeInvis .   e - +1 dagger (venom)
rCold   . . .      Faith    .   (no shield)
rNeg    . . .      Spirit   .   a - +0 robe
rPois   .          Reflect  .   (no helmet)
rElec   .          Harm     .   (no cloak)
rCorr   .          Rampage  .   (no gloves)
Will    .....                   (no boots)
Stlth   ++........              (no amulet)
HPRegen 0.08/turn               (no ring)
MPRegen 0.12/turn               (no ring)

@: no status effects
A: no striking features
a: no special abilities


You were on level 2 of the Dungeon.
You visited 1 branch of the dungeon, and saw 2 of its levels.

You collected 134 gold pieces.

Inventory:

Hand Weapons
 e - a +1 dagger of venom (weapon)
Armour
 a - a +0 robe (worn)
Magical Staves
 f - a staff of fire
Jewellery
 c - a ring of protection from cold
 g - a ring of poison resistance
Potions
 b - a potion of magic
 d - a potion of berserk rage {unknown}
 i - a potion of invisibility {unknown}


   Skills:
 * Level 2.0 Fighting
 - Level 2.4 Dodging
 + Level 3.4 Stealth
 + Level 3.8 Spellcasting
 - Level 1.1 Conjurations
 + Level 3.9 Fire Magic


You had 9 spell levels left.
You knew the following spells:

 Your Spells              Type           Power      Damage    Failure   Level
a - Foxfire               Conj/Fire      60%        2x1d7     4%          1

Your spell library contained the following spells:

 Spells                   Type           Power      Damage    Failure   Level
 Scorch                   Fire           42%        2d7       3%          2
 Conjure Flame            Conj/Fire      15%        6-21      12%         3
 Inner Flame              Hex/Fire       12%        N/A       16%         3
 Ignite Poison            Fire/Tmut/Pois 10%        N/A       21%         3
 Mephitic Cloud           Conj/Pois/Air  5%         N/A       28%         3
 Flame Wave               Conj/Fire      15%        2d6       38%         4
 Freezing Cloud           Conj/Ice/Air   2%         6-21      95%         5


Dungeon Overview and Level Annotations

Branches:
Dungeon (2/15)

Altars:


Message History

You hit the orc but do no damage.
The orc is poisoned.
The orc is moderately wounded.
You hit something.
You are too injured to fight recklessly!
You are too injured to fight recklessly!
Casting: Foxfire (safe; 4% risk of failure)
Confirm with . or Enter, or press ? or * to list all spells.
You conjure some foxfire!
Your foxfire dissipates!
Something hits you.
Casting: Foxfire (safe; 4% risk of failure)
Confirm with . or Enter, or press ? or * to list all spells.
Nothing appears to happen.
You kill the orc!
Something hits you.
Casting: Foxfire (safe; 4% risk of failure)
Confirm with . or Enter, or press ? or * to list all spells.
You conjure some foxfire!
Your foxfire dissipates!
You hear some strange, mumbled words.
A magic dart appears from out of thin air!
The magic dart hits you.
* * * LOW HITPOINT WARNING * * *
Casting: Foxfire (safe; 4% risk of failure)
Confirm with . or Enter, or press ? or * to list all spells.
You don't know that spell.
Unknown command.
Unknown command.
Casting: Foxfire (safe; 4% risk of failure)
Confirm with . or Enter, or press ? or * to list all spells.
You don't know that spell.
Unknown command.
You hit something. Something hits you.
You die...

.........#........
########.#........
#..........
##.........
#..#'#####
##.#.#.. #.#†#.#
### #..)#.# ##@##
##..#.# ##§#{##
#..#.# ##§#.#v##
##.#.# ##.#.#§#.##
#...# ##.#.##o.#.#
##..###
##.#.##).#.##
##......
##§#.##.$#.##
##...####
##.#.##.#:o#
##.#..<...
##.#.##.#[?#
##.#.#.####


There were no monsters in sight!

Vanquished Creatures
  An orc wizard (D:2)
  4 adders (D:2)
  A worm (D:2)
  An orc (D:2)
  6 endoplasms
  2 giant cockroaches (D:1)
  3 goblins (D:1)
  A hobgoblin (D:1)
  2 ball pythons
  3 bats
  A frilled lizard (D:1)
  4 kobolds
  2 rats (D:1)
31 creatures vanquished.

Vanquished Creatures (others)
  176 foxfires
176 creatures vanquished.

Grand Total: 207 creatures vanquished

Notes
Turn   | Place    | Note
-------+----------+-------------------------------------------
     0 | D:1      | Hubjo the Deep Elf Fire Elementalist began the quest for
                  | the Orb.
     0 | D:1      | Reached XP level 1. HP: 10/10 MP: 6/6
   326 | D:1      | Reached XP level 2. HP: 16/16 MP: 2/8
   740 | D:1      | Reached skill level 1 in Fighting
  1076 | D:2      | Reached XP level 3. HP: 20/20 MP: 2/9
  1555 | D:2      | Reached XP level 4. HP: 24/26 MP: 5/11
  1677 | D:2      | Slain by an orc wizard

Illustrated notes

Levels and vault maps discovered:
D:1:      wheals_arrival_shading, layout_basic, minmay_pentomino_u2
D:2:      minmay_inner_zag, layout_basic, ebering_ecumenical_altar_sacrificial,
          serial_shops, nicolae_shop_behind_doors, minivault_14, uniq_jessica

Skill      XL: |  1  2  3  4 |
---------------+-------------+-----
Fighting       | 1 2 |  2.0
Stealth        | 3 |  3.4
Dodging        | |  2.4
Spellcasting   | |  3.8
Conjurations   | |  1.1
Fire Magic     | |  3.9

Action                   |  1- 3 |  4- 6 || total
-------------------------+-------+-------++-------
Melee: Dagger            |     2 |     8 ||    10
 Cast: Foxfire           |   107 |    13 ||   120
  Use: Scroll            |       |     1 ||     1
       Potion            |       |     1 ||     1
Armor: Robe              |     2 |     5 ||     7
Dodge: Dodged            |    11 |     5 ||    16

Table legend: (Time is in decaauts)
 A = Elapsed time spent in this place.
 B = Non-inter-level travel time spent in this place.
 C = Inter-level travel time spent in this place.
 D = Time resting spent in this place.
 E = Time spent auto-exploring this place.
 F = Levels seen in this place.
 G = Mean time per level.
                   A        B        C        D        E       F      G
               +--------+--------+--------+--------+--------+-----+--------+
         Total |   1676 |   1665 |     11 |      0 |   1442 |   2 |  838.0 |
       Dungeon |   1676 |   1665 |     11 |      0 |   1442 |   2 |  838.0 |
               +--------+--------+--------+--------+--------+-----+--------+

Top non-repeatable levels by time:
     D:1: 1026 daAuts
     D:2: 649 daAuts
